[ AOE2 MATCH · #505860421 ]
UnrankedMongols vs Mongols
Player's team · LOSS
Rival team · WIN
[ REPLAY ANALYSIS · EXTRACTED FROM THE RECORDED GAME ]
Feudal
12:55
Castle
23:49
Imperial
46:29
| APM avg | 45.0 |
| APM peak | 68 |
| eAPM avg | 28.3 |
| Villagers / military | 137 / 93 |
Focus
⚔️ 16.8% · 🌾 83.2%
Scout Cavalry ×24 · Camel Scout ×21 · Cavalry Archer ×18 · Spearman ×11 · Steppe Lancer ×10 · Mangudai ×7
Feudal
11:43
Castle
23:58
Imperial
—
| APM avg | 31.3 |
| APM peak | 75 |
| eAPM avg | 11.7 |
| Villagers / military | 89 / 164 |
Focus
⚔️ 32.8% · 🌾 67.2%
Scout Cavalry ×143 · Battering Ram ×17 · Spearman ×3 · Camel Scout ×1
Match map
Initial resources + every placement click. Lines = walls · curves = elevation contours. ◆ gold · ⬟ stone · ● berries · ✦ relic · ◌ wall gap
Your base· Open — unwalled flank
Pompom's base· Open — unwalled flank
Smoothed initial terrain · ◌ = detected wall gap · hover for details
Inputs per minute
— Maximus - - Pompom
Build order — Maximus
First 150 of 385 actions detected
| 0:44 | Build | Town Center |
| 1:11 | Build | House |
| 1:12 | Build | House |
| 2:38 | Queue | Villager (Male) |
| 2:38 | Queue | Villager (Male) |
| 2:39 | Queue | Villager (Male) |
| 2:39 | Queue | Villager (Male) |
| 2:46 | Research | Loom |
| 3:30 | Queue | Villager (Male) |
| 3:33 | Research | Loom |
| 3:34 | Queue | Villager (Male) |
| 3:34 | Queue | Villager (Male) |
| 4:39 | Queue | Villager (Male) |
| 4:40 | Queue | Villager (Male) |
| 5:03 | Queue | Villager (Male) |
| 5:03 | Queue | Villager (Male) |
| 5:31 | Queue | Villager (Male) |
| 5:31 | Queue | Villager (Male) |
| 5:56 | Queue | Villager (Male) |
| 6:14 | Queue | Villager (Male) |
| 6:40 | Build | House |
| 6:42 | Build | House |
| 6:47 | Queue | Villager (Male) |
| 6:47 | Queue | Villager (Male) |
| 7:23 | Build | Barracks |
| 7:34 | Queue | Villager (Male) |
| 7:35 | Queue | Villager (Male) |
| 7:35 | Queue | Villager (Male) |
| 7:35 | Queue | Villager (Male) |
| 7:59 | Queue | Villager (Male) |
| 7:59 | Queue | Villager (Male) |
| 7:59 | Queue | Villager (Male) |
| 8:30 | Build | Mill |
| 8:38 | Queue | Militia |
| 9:37 | Queue | Villager (Male) |
| 9:50 | Build | Lumber Camp |
| 10:17 | Queue | Villager (Male) |
| 10:43 | Research | Feudal Age |
| 10:55 | Build | House |
| 10:56 | Build | House |
| 11:43 | Queue | Villager (Male) |
| 11:45 | Queue | Villager (Male) |
| 12:11 | Build | Palisade Gate |
| 12:15 | Build | Palisade Wall |
| 12:28 | Build | House |
| 12:30 | Build | House |
| 12:43 | Build | Mining Camp |
| 12:55 | Age | Feudal Age |
| 13:01 | Build | Stable |
| 13:09 | Build | Palisade Gate |
| 13:15 | Queue | Spearman |
| 13:18 | Queue | Villager (Male) |
| 13:18 | Queue | Villager (Male) |
| 13:26 | Build | Palisade Wall |
| 13:34 | Build | Palisade Wall |
| 13:37 | Build | Palisade Wall |
| 13:41 | Build | Palisade Wall |
| 13:45 | Queue | Villager (Male) |
| 13:45 | Queue | Villager (Male) |
| 13:45 | Queue | Villager (Male) |
| 13:49 | Research | Double-Bit Axe |
| 13:57 | Build | Blacksmith |
| 14:03 | Queue | Scout Cavalry |
| 14:03 | Queue | Scout Cavalry |
| 14:32 | Queue | Spearman |
| 14:37 | Build | Palisade Gate |
| 14:41 | Build | Palisade Wall |
| 14:44 | Build | Palisade Wall |
| 14:45 | Build | Palisade Wall |
| 15:02 | Queue | Villager (Male) |
| 15:02 | Queue | Villager (Male) |
| 15:30 | Build | Farm |
| 15:31 | Build | Farm |
| 15:32 | Build | Farm |
| 15:33 | Build | Farm |
| 15:34 | Build | Farm |
| 15:42 | Build | Farm |
| 15:43 | Build | Farm |
| 15:44 | Build | Farm |
| 15:48 | Queue | Villager (Male) |
| 16:15 | Queue | Spearman |
| 16:23 | Build | House |
| 16:28 | Queue | Villager (Male) |
| 16:36 | Queue | Spearman |
| 17:12 | Build | House |
| 17:29 | Build | Palisade Gate |
| 17:32 | Queue | Villager (Male) |
| 17:32 | Queue | Villager (Male) |
| 17:33 | Queue | Villager (Male) |
| 17:42 | Build | Farm |
| 17:42 | Build | Farm |
| 17:55 | Build | Farm |
| 17:59 | Build | Mill |
| 18:09 | Build | Farm |
| 18:50 | Queue | Villager (Male) |
| 18:51 | Queue | Villager (Male) |
| 18:58 | Build | Farm |
| 19:01 | Build | Farm |
| 19:20 | Queue | Villager (Male) |
| 19:21 | Queue | Villager (Male) |
| 19:53 | Build | Market |
| 20:23 | Queue | Villager (Male) |
| 20:43 | Queue | Villager (Male) |
| 20:53 | Build | Farm |
| 20:56 | Build | Farm |
| 21:09 | Research | Castle Age |
| 21:49 | Research | Fletching |
| 21:53 | Research | Padded Archer Armor |
| 22:02 | Build | Stable |
| 22:26 | Research | Horse Collar |
| 22:49 | Research | Wheelbarrow |
| 22:53 | Queue | Villager (Male) |
| 22:54 | Queue | Villager (Male) |
| 23:06 | Research | Forging |
| 23:20 | Queue | Spearman |
| 23:21 | Queue | Spearman |
| 23:49 | Age | Castle Age |
| 23:54 | Build | University |
| 24:03 | Queue | Steppe Lancer |
| 24:03 | Queue | Steppe Lancer |
| 24:03 | Queue | Steppe Lancer |
| 24:11 | Build | Castle |
| 24:14 | Queue | Steppe Lancer |
| 24:15 | Queue | Steppe Lancer |
| 24:20 | Queue | Steppe Lancer |
| 24:21 | Queue | Steppe Lancer |
| 24:41 | Queue | Camel Scout |
| 24:48 | Build | Siege Workshop |
| 24:56 | Queue | Villager (Male) |
| 25:26 | Build | Lumber Camp |
| 25:36 | Queue | Mangudai |
| 25:39 | Queue | Villager (Male) |
| 25:39 | Queue | Villager (Male) |
| 25:39 | Queue | Villager (Male) |
| 25:45 | Build | Mining Camp |
| 25:56 | Build | Farm |
| 25:59 | Queue | Villager (Male) |
| 26:00 | Queue | Villager (Male) |
| 26:22 | Queue | Mangudai |
| 26:22 | Queue | Mangudai |
| 26:22 | Queue | Mangudai |
| 26:30 | Queue | Villager (Male) |
| 26:30 | Queue | Villager (Male) |
| 26:49 | Queue | Villager (Male) |
| 26:49 | Queue | Villager (Male) |
| 27:10 | Queue | Battering Ram |
| 27:18 | Queue | Trade Cart |
| 27:21 | Queue | Mangudai |
| 27:37 | Queue | Camel Scout |
| 27:37 | Queue | Camel Scout |
Build order — Pompom
First 150 of 310 actions detected
| 0:16 | Build | Town Center |
| 0:26 | Build | House |
| 1:53 | Build | Palisade Wall |
| 1:55 | Build | Palisade Wall |
| 1:57 | Build | Palisade Wall |
| 1:59 | Build | Palisade Wall |
| 2:30 | Queue | Villager (Male) |
| 2:30 | Queue | Villager (Male) |
| 2:30 | Queue | Villager (Male) |
| 2:30 | Queue | Villager (Male) |
| 3:43 | Queue | Villager (Male) |
| 3:52 | Queue | Villager (Male) |
| 3:58 | Build | House |
| 3:59 | Build | House |
| 5:02 | Queue | Villager (Male) |
| 5:02 | Queue | Villager (Male) |
| 5:16 | Build | Mill |
| 6:02 | Queue | Villager (Male) |
| 6:24 | Queue | Villager (Male) |
| 6:24 | Queue | Villager (Male) |
| 6:24 | Queue | Villager (Male) |
| 7:28 | Queue | Villager (Male) |
| 7:39 | Queue | Villager (Male) |
| 7:39 | Queue | Villager (Male) |
| 7:40 | Queue | Villager (Male) |
| 7:40 | Queue | Villager (Male) |
| 7:40 | Queue | Villager (Male) |
| 8:24 | Build | Barracks |
| 8:27 | Queue | Villager (Male) |
| 9:08 | Queue | Villager (Male) |
| 9:24 | Build | House |
| 9:27 | Research | Feudal Age |
| 9:27 | Research | Feudal Age |
| 10:19 | Build | Mining Camp |
| 10:38 | Queue | Villager (Male) |
| 11:43 | Age | Feudal Age |
| 11:46 | Build | Stable |
| 12:01 | Build | Blacksmith |
| 12:05 | Build | House |
| 12:11 | Queue | Villager (Male) |
| 12:11 | Queue | Villager (Male) |
| 12:14 | Research | Loom |
| 12:30 | Queue | Scout Cavalry ×5 |
| 12:45 | Build | House |
| 12:46 | Build | House |
| 12:48 | Build | House |
| 12:53 | Queue | Villager (Male) |
| 13:13 | Queue | Villager (Male) |
| 13:39 | Queue | Villager (Male) |
| 13:43 | Build | House |
| 13:45 | Build | House |
| 14:06 | Build | Lumber Camp |
| 14:51 | Queue | Villager (Male) |
| 14:52 | Queue | Villager (Male) |
| 15:13 | Build | Mill |
| 15:22 | Queue | Villager (Male) |
| 15:27 | Research | Double-Bit Axe |
| 15:32 | Build | Farm |
| 15:32 | Build | Farm |
| 15:32 | Build | Farm |
| 15:33 | Build | Farm |
| 15:33 | Build | Farm |
| 15:57 | Queue | Spearman |
| 15:57 | Queue | Spearman |
| 16:21 | Build | Farm |
| 16:22 | Build | Farm |
| 16:22 | Build | Farm |
| 16:22 | Build | Farm |
| 16:53 | Queue | Villager (Male) |
| 17:23 | Queue | Villager (Male) |
| 17:28 | Build | Farm |
| 17:28 | Build | Farm |
| 17:28 | Build | Farm |
| 17:29 | Build | Farm |
| 17:29 | Build | Farm |
| 17:29 | Build | Farm |
| 17:29 | Build | Farm |
| 17:30 | Build | Farm |
| 17:30 | Build | Farm |
| 17:33 | Queue | Villager (Male) |
| 17:50 | Build | Farm |
| 18:05 | Queue | Villager (Male) |
| 18:20 | Build | Palisade Gate |
| 18:27 | Queue | Spearman |
| 19:02 | Queue | Villager (Male) |
| 19:05 | Build | Farm |
| 19:24 | Queue | Villager (Male) |
| 19:30 | Build | Farm |
| 19:30 | Build | Farm |
| 19:31 | Build | Farm |
| 19:31 | Build | Farm |
| 19:31 | Build | Farm |
| 19:31 | Build | Farm |
| 19:32 | Build | Farm |
| 19:32 | Build | Farm |
| 19:48 | Queue | Villager (Male) |
| 20:24 | Queue | Villager (Male) |
| 20:29 | Build | Market |
| 20:52 | Build | Blacksmith |
| 20:53 | Queue | Villager (Male) |
| 21:18 | Research | Castle Age |
| 21:28 | Build | Stable |
| 21:42 | Build | Farm |
| 21:42 | Build | Farm |
| 21:42 | Build | Farm |
| 21:50 | Build | Farm |
| 21:52 | Queue | Villager (Male) |
| 22:15 | Build | Stable |
| 22:18 | Research | Scale Barding Armor |
| 22:24 | Queue | Scout Cavalry |
| 22:53 | Build | Lumber Camp |
| 22:59 | Research | Bloodlines |
| 23:02 | Queue | Villager (Male) |
| 23:08 | Build | Farm |
| 23:09 | Build | Farm |
| 23:21 | Queue | Scout Cavalry |
| 23:21 | Queue | Scout Cavalry |
| 23:58 | Age | Castle Age |
| 24:02 | Research | Chain Barding Armor |
| 24:23 | Research | Light Cavalry (upgrade) |
| 24:40 | Queue | Scout Cavalry |
| 24:40 | Queue | Scout Cavalry |
| 24:40 | Queue | Scout Cavalry |
| 25:08 | Queue | Scout Cavalry ×2 |
| 25:16 | Queue | Scout Cavalry ×2 |
| 25:35 | Queue | Scout Cavalry |
| 25:41 | Queue | Villager (Male) |
| 25:56 | Queue | Scout Cavalry ×2 |
| 26:11 | Queue | Scout Cavalry |
| 26:24 | Queue | Villager (Male) |
| 26:34 | Build | House |
| 26:35 | Build | House |
| 27:03 | Build | Siege Workshop |
| 27:23 | Queue | Villager (Male) ×5 |
| 27:25 | Queue | Scout Cavalry |
| 27:34 | Build | Castle |
| 27:44 | Queue | Scout Cavalry |
| 28:25 | Queue | Battering Ram ×2 |
| 28:25 | Queue | Battering Ram ×2 |
| 28:39 | Queue | Villager (Male) ×2 |
| 29:12 | Queue | Scout Cavalry |
| 29:25 | Queue | Villager (Male) ×2 |
| 29:47 | Queue | Scout Cavalry |
| 29:47 | Queue | Scout Cavalry |
| 29:56 | Queue | Battering Ram |
| 30:00 | Queue | Scout Cavalry |
| 30:15 | Build | Farm |
| 30:15 | Build | Farm |
| 30:15 | Build | Farm |
| 30:16 | Build | Farm |
Match timeline
| 1:53 | Pompom · wall_segment Palisade Wall x1 |
| 1:55 | Pompom · wall_segment Palisade Wall x1 |
| 1:57 | Pompom · wall_segment Palisade Wall x1 |
| 1:59 | Pompom · wall_segment Palisade Wall x1 |
| 7:23 | Maximus · first_building Barracks |
| 8:24 | Pompom · first_building Barracks |
| 11:43 | Pompom · age_up feudal |
| 11:46 | Pompom · first_building Stable |
| 12:15 | Maximus · wall_segment Palisade Wall x4 |
| 12:55 | Maximus · age_up feudal |
| 13:01 | Maximus · first_building Stable |
| 13:26 | Maximus · wall_segment Palisade Wall x1 |
| 13:34 | Maximus · wall_segment Palisade Wall x1 |
| 13:37 | Maximus · wall_segment Palisade Wall x1 |
| 13:41 | Maximus · wall_segment Palisade Wall x1 |
| 14:41 | Maximus · wall_segment Palisade Wall x3 |
| 14:44 | Maximus · wall_segment Palisade Wall x8 |
| 14:45 | Maximus · wall_segment Palisade Wall x9 |
| 21:03 | Maximus · first_market_sell 100 wood |
| 23:02 | Maximus · first_market_buy 100 food |
| 23:49 | Maximus · age_up castle |
| 23:58 | Pompom · age_up castle |
| 24:11 | Maximus · first_building Castle |
| 24:48 | Maximus · first_building Siege Workshop |
| 27:03 | Pompom · first_building Siege Workshop |
| 27:34 | Pompom · first_building Castle |
| 29:52 | Pompom · first_market_sell 100 wood |
| 30:22 | Maximus · wall_segment Palisade Wall x1 |
| 33:33 | Maximus · first_building Archery Range |
| 38:14 | Maximus · wall_segment Palisade Wall x9 |
| 38:15 | Maximus · wall_segment Palisade Wall x7 |
| 39:50 | Maximus · first_building Monastery |
| 43:41 | Pompom · first_market_buy 100 stone |
| 46:29 | Maximus · age_up imperial |
| 53:58 | Maximus · resign |
[ AI ANALYSIS · 1 CREDIT ]
What really happened in this match?
Wolo.gg analyzes every decision: build order, eco, micro, common mistakes by bracket. Personalized analysis on WhatsApp or Discord in 30 seconds.
Civ guide
Mongols
Perfil
Jugador #18929365